 Dungeon Crawl Stone Soup version 0.29.1-15-g9cfb28693d (webtiles) character file.

Game seed: 12786110160610146690

10264 Wiggles the Severer (level 11, -2/82 HPs)
             Began as a Minotaur Berserker on Mar 28, 2023.
             Was a High Priest of Trog.
             Slain by a deep elf archer
             ... wielding a +0 short sword
              (14 damage)
             ... on level 9 of the Dungeon.
             The game lasted 00:17:31 (6673 turns).

Wiggles the Severer (Minotaur Berserker)            Turns: 6673, Time: 00:17:32

Health: -2/82      AC: 19    Str: 27    XL:     11   Next: 33%
Magic:  10/10      EV: 13    Int:  4    God:    Trog [*****.]
Gold:   630        SH:  0    Dex:  9    Spells: 10/10 levels left

rFire   + + .      SeeInvis .   A - +11 executioner's axe of Division {drain, *Slow rF++}
rCold   . . .      Faith    .   (shield currently unavailable)
rNeg    . . .      Spirit   .   g - +0 chain mail
rPois   +          Reflect  .   (helmet restricted)
rElec   .          Harm     .   x - +2 cloak
rCorr   .          Rampage  .   o - +2 pair of gloves
Will    .....                   (no boots)
Stlth   ..........              k - amulet of regeneration
HPRegen 1.03/turn               e - +4 ring of evasion
MPRegen 0.12/turn               q - ring of poison resistance

@: confused, on berserk cooldown, slowed, very slow
A: horns 2, retaliatory headbutt
a: Renounce Religion, Berserk, Trog's Hand, Brothers in Arms


You were on level 9 of the Dungeon.
You worshipped Trog.
Trog was extremely pleased with you.
You visited 1 branch of the dungeon, and saw 9 of its levels.
You also visited: Bailey.

You collected 630 gold pieces.

Inventory:

Hand Weapons
 j - a +1 antimagic battleaxe
 A - the +11 executioner's axe of Division (weapon) {drain, *Slow rF++}
   (You acquired it on level 7 of the Dungeon)

   A truly terrible weapon, it drains the life of any living foe it strikes.
   rF:        It greatly protects you from fire.
   *Slow:     It may slow you when you take damage.
 G - a +5 battleaxe
Missiles
 w - 2 boomerangs (quivered)
Armour
 g - a +0 chain mail (worn)
 o - a +2 pair of gloves (worn)
 x - a +2 cloak (worn)
Jewellery
 e - a +4 ring of evasion (left hand)
 k - an amulet of regeneration (around neck)
 q - a ring of poison resistance (right hand)
 B - a ring of willpower
Wands
 h - a wand of charming (7)
 l - a wand of roots (11)
Scrolls
 b - a scroll of fog
 f - 5 scrolls of fear
 i - 3 scrolls of enchant weapon
 n - 2 scrolls of poison
 y - a scroll of blinking
Potions
 a - a potion of mutation {unknown}
 c - 3 potions of lignification
 d - 2 potions of heal wounds
 p - a potion of ambrosia {unknown}
 r - 2 potions of flight
 s - 2 potions of resistance
 v - 5 potions of curing
 z - 2 potions of might {unknown}
 C - a potion of magic {unknown}
 E - a potion of invisibility {unknown}
 F - a potion of cancellation {unknown}


   Skills:
 - Level 3.6 Fighting
 + Level 17.0 Axes
 + Level 1.6 Throwing
 - Level 12.1 Armour
 - Level 2.1 Dodging
 - Level 2.0 Stealth
 - Level 5.6 Shields


You had 10 spell levels left.
You didn't know any spells.
Your spell library was empty.

Dungeon Overview and Level Annotations

Branches:
Dungeon (9/15)             Temple (0/1) D:5          Bailey (visited)
   Lair: D:8-11         Orc: D:9-12

Altars:
Dithmenos
Fedhas
Ru
Uskayaw
Vehumet
Wu Jian


Innate Abilities, Weirdness & Mutations

You have a pair of horns on your head.
You reflexively headbutt those who attack you in melee.


Message History

The deep elf archer casts a spell at you.
You feel as though you will be slow longer.
Something hits you but does no damage.
The deep elf archer unwields a +0 longbow.
The deep elf archer wields a +0 short sword.
The deep elf archer hits you but does no damage.
Something hits you but does no damage. The deep elf archer barely misses you.
You furiously retaliate!
You headbutt the deep elf archer! You slice the deep elf archer!!
Your headbutt misses the deep elf archer.
The deep elf archer is almost dead.
You barely miss something. Something hits you but does no damage.
The deep elf archer gestures at you while chanting.
You feel as though you will be slow longer.
Something hits you but does no damage.
The deep elf archer hits you with a +0 short sword.
* * * LOW HITPOINT WARNING * * *
You miss the deep elf archer.
Your headbutt misses the deep elf archer.
The deep elf archer is almost dead.
You slash something! Something hits you but does no damage.
The deep elf archer gestures at you while chanting.
You are confused.
Found a scroll of identify.
The deep elf archer misses you. Something hits you but does no damage.
The deep elf archer hits you with a +0 short sword!
* * * LOW HITPOINT WARNING * * *
You bump into the rock wall.
Something barely misses you.
The deep elf archer casts a spell at you.
You are more confused.
You bump into the rock wall.
Something hits you but does no damage.
The deep elf archer casts a spell at you.
You feel as though you will be slow longer.
Something hits you.
* * * LOW HITPOINT WARNING * * *
The deep elf archer hits you but does no damage.
You bump into the rock wall.
Something hits you.
* * * LOW HITPOINT WARNING * * *
The deep elf archer hits you with a +0 short sword!
You die...

#..... #### #... ....?
#.[. ... #... ####
###'### #######...
#...##.....##...##.....
.....#....)#.....######
.....'..8..'.....#.....
...#.....#.....#..... .
#@e...# ...##.....
###..)).# ####.....
#.......# #.....
#.......# #.....
#.......#######.....
######........#.....
#........#.....
#...^....######
#.####.........


You could see a deep elf archer (repels missiles).

Vanquished Creatures
  An orc warlord (Bailey)
  A troll (D:9)
  2 steam dragons
  A wyvern (D:9)
  Menkaure (D:5)
  Duvessa (D:5)
  2 water moccasins
  A sky beast (D:4)
  14 orc warriors
  3 black bears
  2 ice beasts
  2 wolves (D:9)
  An ogre (D:5)
  3 phantoms
  Blork the orc (D:5)
  2 bullfrogs (D:8)
  A gnoll sergeant (D:8)
  3 scorpions
  5 wights (D:6)
  Dowan (D:5)
  4 killer bees (D:9)
  A jelly (D:6)
  4 hounds
  Crazy Yiuf (D:4)
  7 orc priests
  A gnoll bouda (D:7)
  An iguana (D:6)
  5 orc wizards
  Robin (D:3)
  19 gnolls
  5 adders
  2 shadow imps
  2 white imps
  A worm (D:4)
  5 dart slugs
  44 orcs
  13 ball pythons
  5 endoplasms
  3 giant cockroaches
  24 goblins
  14 hobgoblins
  7 jackals
  2 quokkas (D:1)
  4 bats
  5 frilled lizards
  5 kobolds
  5 rats
238 creatures vanquished.

Vanquished Creatures (others)
  An orc wizard (D:9)
1 creature vanquished.

Grand Total: 239 creatures vanquished

Notes
Turn   | Place    | Note
-------+----------+-------------------------------------------
     0 | D:1      | Wiggles the Minotaur Berserker began the quest for the Orb.
     0 | D:1      | Reached XP level 1. HP: 19/19 MP: 0/0
   151 | D:1      | Reached skill level 4 in Axes
   275 | D:1      | Reached XP level 2. HP: 25/26 MP: 1/1
   919 | D:1      | Reached ** piety under Trog
   920 | D:1      | Reached skill level 5 in Axes
   971 | D:1      | Reached XP level 3. HP: 31/31 MP: 2/2
  1199 | D:2      | Found a faded altar of an unknown god.
  2146 | D:3      | Noticed Robin
  2154 | D:3      | Killed Robin
  2165 | D:3      | Reached XP level 4. HP: 39/39 MP: 3/3
  2222 | D:3      | Reached skill level 6 in Axes
  2312 | D:3      | Found a sacrificial altar of Ru.
  2371 | D:3      | Found a blossoming altar of Fedhas.
  2412 | D:3      | Found a shadowy altar of Dithmenos.
  2696 | D:4      | Noticed a sky beast
  2717 | D:4      | Killed a sky beast
  2718 | D:4      | Reached skill level 7 in Axes
  2718 | D:4      | Reached skill level 1 in Stealth
  2718 | D:4      | Reached XP level 5. HP: 45/45 MP: 4/4
  2775 | D:4      | Reached *** piety under Trog
  2864 | D:4      | Found a runed translucent door.
  2865 | D:4      | Noticed Crazy Yiuf
  2873 | D:4      | Killed Crazy Yiuf
  2955 | D:4      | Reached skill level 8 in Axes
  2955 | D:4      | Reached XP level 6. HP: 51/51 MP: 5/5
  3212 | D:5      | Entered Level 5 of the Dungeon
  3212 | D:5      | Noticed an orc warrior
  3223 | D:5      | Killed an orc warrior
  3224 | D:5      | Reached skill level 9 in Axes
  3323 | D:5      | Noticed Menkaure
  3325 | D:5      | Noticed an ice beast
  3331 | D:5      | Killed Menkaure
  3332 | D:5      | Reached XP level 7. HP: 57/57 MP: 6/6
  3344 | D:5      | Reached skill level 10 in Axes
  3425 | D:5      | Found an ornate altar of the Wu Jian Council.
  3542 | D:5      | Found a staircase to the Ecumenical Temple.
  3547 | D:5      | Noticed Duvessa
  3547 | D:5      | Noticed Dowan
  3560 | D:5      | Killed Duvessa
  3570 | D:5      | Killed Dowan
  3571 | D:5      | Reached skill level 11 in Axes
  3577 | D:5      | Reached XP level 8. HP: 64/64 MP: 7/7
  3579 | D:5      | Noticed Blork the orc
  3595 | D:5      | Killed Blork the orc
  4035 | D:6      | Reached skill level 12 in Axes
  4106 | D:6      | Reached skill level 13 in Axes
  4144 | D:6      | Found a hide-covered altar of Uskayaw.
  4577 | D:7      | Reached **** piety under Trog
  4607 | D:7      | Reached skill level 14 in Axes
  4607 | D:7      | Reached XP level 9. HP: 70/70 MP: 8/8
  4678 | D:7      | Reached skill level 1 in Throwing
  4678 | D:7      | Reached skill level 1 in Shields
  4870 | D:7      | Found a flagged portal.
  4886 | Bailey   | Entered a bailey
  5105 | Bailey   | Reached skill level 15 in Axes
  5246 | Bailey   | Noticed an orc warlord
  5267 | Bailey   | Killed an orc warlord
  5268 | Bailey   | Reached skill level 16 in Axes
  5268 | Bailey   | Reached skill level 5 in Shields
  5268 | Bailey   | Reached XP level 10. HP: 77/77 MP: 9/9
  5546 | D:7      | Identified a scroll of acquirement
  5546 | D:7      | Acquired the +11 executioner's axe of Division {drain,
                  | *Slow rF++}
  5557 | D:7      | Reached XP level 11. HP: 82/82 MP: 10/10
  6053 | D:8      | Reached ***** piety under Trog
  6361 | D:9      | Found a radiant altar of Vehumet.
  6462 | D:9      | Received a gift from Trog
  6652 | D:9      | Noticed a deep elf archer
  6663 | D:9      | Reached skill level 17 in Axes
  6673 | D:9      | Slain by a deep elf archer

Illustrated notes

Levels and vault maps discovered:
D:1:      psy_arrival_fountain, layout_basic
D:2:      layout_basic, hellmonk_ecumenical_altar_lost_god,
          serial_co_window_serial, co_window_of_opportunity_a,
          co_window_corner_a, co_window_paths_a, co_window_of_opportunity_a,
          co_window_corner_a, co_window_paths_b, co_window_corner_a,
          co_window_paths_a, co_window_of_opportunity_a, co_window_corner_b,
          co_window_broadway_a, co_window_paths_c, co_window_of_opportunity_c,
          co_window_paths_c, co_window_paths_e, glass_columns_a,
          glass_columns_c, glass_columns_a, glass_columns_a, glass_columns_c,
          corexii_shack
D:3:      layout_rooms, mainiacjoe_overflow_two_lobes,
          nicolae_ru_the_path_less_chosen, uniq_robin
D:4:      layout_basic, uniq_crazy_yiuf_cottage
D:5:      layout_loops_ring, mainiacjoe_overflow_24_doors,
          minmay_temple_entry_drinking_statues, uniq_blork_the_orc,
          uniq_duvessa, uniq_menkaure
D:6:      layout_cave_pools, lemuel_doored_altar
D:7:      layout_cave_pools, enter_bailey_3
D:8:      wander_river, layout_basic, nicolae_two_hexagons,
          chequers_serial_rivers_small_a, minmay_orc_keep
D:9:      layout_stronghold, fiery_altar_vehumet, lemuel_round_altar,
          led_sif_book, orc_0_dummy, serial_ice, serial_ice_c, serial_ice_e,
          serial_ice_h, serial_ice_b, minmay_three_doors

Skill      XL: |  1  2  3  4  5  6  7  8  9 10 11 |
---------------+----------------------------------+-----
Axes           | 4 5 7 8 9 11 14 16 17 | 17.0
Stealth        | 1 2 |  2.0
Throwing       | 1 |  1.6
Shields        | 5 |  5.6
Armour         | 12 | 12.1
Fighting       | |  3.6
Dodging        | |  2.1

Action                   |  1- 3 |  4- 6 |  7- 9 | 10-12 || total
-------------------------+-------+-------+-------+-------++-------
Melee: Hand axe          |   106 |    65 |       |       ||   171
       Headbutt          |    13 |    12 |    38 |     6 ||    69
       Punch             |     1 |     1 |       |       ||     2
       War axe           |       |    14 |   231 |     4 ||   249
       Executioner's axe |       |       |       |    59 ||    59
Throw: Boomerang         |       |     1 |     7 |       ||     8
Invok: Berserk           |     1 |     4 |     5 |     1 ||    11
       Trog's Hand       |       |       |     1 |       ||     1
  Use: Scroll            |       |       |    15 |     5 ||    20
       Potion            |       |       |     1 |     1 ||     2
 Stab: Sleeping          |     1 |       |       |       ||     1
Armor: Animal skin       |     2 |       |       |       ||     2
       Ring mail         |     7 |       |       |       ||     7
       Chain mail        |    21 |    26 |   101 |    67 ||   215
Dodge: Dodged            |    65 |    31 |   121 |    58 ||   275
Block: Tower shield      |       |       |    77 |       ||    77
